 Dungeon Crawl Stone Soup version 0.30-a0-879-ga8ba668304 (webtiles) character file.

Game seed: 1141622046711859744

17770 Rocko1345 the Protected (level 12, -1/110 HPs)
             Began as a Minotaur Monk on Mar 13, 2023.
             Was a High Priest of the Shining One.
             Slain by Frances
             ... wielding a +0 flail
              (26 damage)
             ... on level 14 of the Dungeon.
             The game lasted 00:38:45 (11747 turns).

Rocko1345 the Protected (Minotaur Monk)            Turns: 11747, Time: 00:38:46

Health: -1/110     AC: 24    Str: 25    XL:     12   Next: 21%
Magic:  14/17      EV: 14    Int:  7    God:    the Shining One [*****.]
Gold:   739        SH: 20    Dex: 14    Spells: 11/11 levels left

rFire   . . .      SeeInvis .    g - +3 mace (venom)
rCold   . . .      Faith    .    F - +1 kite shield of Failure {Str+5}
rNeg    + + .      Spirit   .    i - +2 plate armour
rPois   .          Reflect  .    e - +2 hat
rElec   .          Rampage  .    l - scarf {repulsion}
rCorr   .                        s - +0 pair of gloves
Will    .....                    r - +2 pair of boots Stlth
                                 w - amulet of the acrobat
HPRegen 0.38/turn                T - +4 ring of slaying
MPRegen 0.15/turn                N - +5 ring of evasion

@: divinely shielded, glowing, repel missiles
A: horns 2, retaliatory headbutt
a: Renounce Religion, Divine Shield, Cleansing Flame, Summon Divine Warrior


You were on level 14 of the Dungeon.
You worshipped the Shining One.
The Shining One was extremely pleased with you.
You visited 1 branch of the dungeon, and saw 13 of its levels.
You also visited: Ossuary.

You collected 739 gold pieces.

Inventory:

Hand Weapons
 a - a +0 spear
 g - a +3 mace of venom (weapon)
 o - a +1 heavy falchion
 M - a +1 trident of freezing
 W - a +0 dire flail
Missiles
 u - 7 poisoned darts
 v - a javelin (quivered)
 Q - 6 atropa-tipped darts
Armour
 b - a +0 robe
 e - a +2 hat (worn)
 h - a +0 chain mail
 i - a +2 plate armour (worn)
 l - a scarf of repulsion (worn)
 q - a scarf of invisibility
 r - a +2 pair of boots (worn)
 s - a +0 pair of gloves (worn)
 F - the +1 kite shield of Failure (worn) {Str+5}
   (You acquired it in an ossuary)

   Str:       It affects your strength (+5).
 J - a +2 ring mail of poison resistance
 P - a +2 robe of the Archmagi
 V - the +1 helmet "Tywikk" {rPois rN++ rCorr}
   (You found it on level 10 of the Dungeon)

   rPois:     It protects you from poison.
   rN:        It greatly protects you from negative energy.
   rCorr:     It protects you from acid and corrosion.
Jewellery
 w - an amulet of the acrobat (around neck)
 N - a +5 ring of evasion (right hand)
 T - a +4 ring of slaying (left hand)
 X - a ring of fire
Wands
 y - a wand of light (11)
 B - a wand of paralysis (19)
 E - a wand of flame (27)
 G - a wand of iceblast (11)
 L - a wand of digging (6)
Scrolls
 d - 8 scrolls of teleportation
 j - 4 scrolls of poison
 x - 4 scrolls of amnesia
 A - 3 scrolls of blinking
 C - 2 scrolls of fog
 S - a scroll of brand weapon
 Z - a scroll of enchant armour
Potions
 c - 2 potions of ambrosia
 f - 8 potions of curing
 k - 5 potions of flight
 n - 3 potions of might
 p - 2 potions of attraction
 t - a potion of degeneration {unknown}
 z - 2 potions of haste {unknown}
 D - 2 potions of resistance
 H - 2 potions of mutation {unknown}
 I - 2 potions of invisibility {unknown}
 K - 3 potions of berserk rage
 O - a potion of lignification {unknown}
 R - 2 potions of brilliance {unknown}
 U - 2 potions of magic {unknown}


   Skills:
 + Level 11.3 Fighting
 + Level 10.5 Maces & Flails
 - Level 4.0 Polearms
 + Level 12.7 Armour
 - Level 6.8 Dodging
 - Level 5.0 Stealth
 + Level 7.4 Shields
 + Level 8.4 Invocations


You had 11 spell levels left.
You didn't know any spells.
Your spell library contained the following spells:

 Spells                   Type           Power      Damage    Failure   Level
 Call Canine Familiar     Summ           0%         N/A       100%        3
 Ignite Poison            Fire/Tmut/Pois 0%         N/A       100%        3
 Kindle Blastsparks       Fire/Tloc/Air  0%         2d10      100%        3
 Portal Projectile        Hex/Tloc       0%         N/A       100%        3
 Animate Armour           Summ/Erth      0%         N/A       100%        4
 Fulminant Prism          Conj/Hex       0%         3d5       100%        4
 Iskenderun's Mystic Bla  Conj/Tloc      0%         2d3       100%        4
 Leda's Liquefaction      Hex/Erth       0%         N/A       100%        4
 Blade Hands              Tmut           0%         N/A       100%        5
 Freezing Cloud           Conj/Ice/Air   0%         6-21      100%        5
 Lee's Rapid Deconstruct  Erth           0%         3d4*      100%        5
 Iron Shot                Conj/Erth      0%         9d1       100%        6


Dungeon Overview and Level Annotations

Branches:
Dungeon (12/15)            Temple (0/1) D:5            Lair (0/5) D:9
    Orc (0/2) D:9         Ossuary (visited)

Altars:
Dithmenos
Elyvilon
Nemelex Xobeh
Okawaru
Qazlal
Trog
Uskayaw
Wu Jian
Yredelemnul
Zin
The Shining One

Shops:
D:1 (   D:2 (   D:10 [   D:12 !

Portals:
Trove: D:11 (give +3 fire dragon scales)

Annotations:
D:14 Frances


Innate Abilities, Weirdness & Mutations

You have a pair of horns on your head.
You reflexively headbutt those who attack you in melee.


Message History

Frances shouts!
Frances whispers indecipherable words.
Frances seems to speed up.
Throw: 2 javelins
Press: ? - help, Q - select action, (/) - cycle Shift-Dir - straight line, f - Frances
Aim: Frances, wielding a +0 flail and wearing a +2 leather armour of poison resistance (fast, haloed, 83% to hit)
You throw a javelin.
The javelin pierces through Frances but does no damage.
Frances hits you with a +0 flail.
You hit Frances.
Frances is lightly wounded.
Frances hits you but does no damage.
You barely miss Frances. You headbutt Frances!
Frances is lightly wounded.
Frances hits you with a +0 flail!! You block Frances's attack.
You hit Frances.
Frances is lightly wounded.
Frances hits you but does no damage.
You sock Frances!
Frances is lightly wounded.
Frances hits you with a +0 flail!! You block Frances's attack.
You hit Frances but do no damage.
Frances is lightly wounded.
Frances chants phrases taken from a devil's mouth.
The shard of ice misses you.
You hit Frances.
Frances is poisoned.
Frances is moderately wounded.
Frances drinks a potion.
Frances seems to grow stronger.
Frances hits you with a +0 flail!!
Unknown command.
Frances attacks as you move away! You block Frances's attack.
Frances misses you. You furiously retaliate!
You headbutt Frances!
Your shield is strengthened by the Shining One's divine power.
You block Frances's attack.
You hit Frances.
Frances is moderately wounded.
Frances hits you with a +0 flail!
* * * LOW HITPOINT WARNING * * *
Frances hits you with a +0 flail!!
You die...

........ #. #.......
#. ..##...... .. #.
#.##..#.....## ... #..
#.........?..#..#.
#..##.....#......#.<..
...#.....#...........
#.#.#.......@.......
#..........@.......
#..................
#................^.
#..............#...
##........##....##.
.### #.#.......# ....#
.....##.............##
..............###..#..
........[....## .####


You could see Frances (fast, strong, very poisoned).

Vanquished Creatures
  2 two-headed ogres
  2 skeletal warriors (D:11)
  4 cyclopes
  An ugly thing (D:10)
  A manticore (D:8)
  Maurice (D:8)
  A gargoyle (D:10)
  A komodo dragon (D:9)
  2 trolls
  6 slime creatures
  A shadow (D:10)
  21 yaks
  3 wyverns
  3 wraiths
  Menkaure (D:6)
  3 vampire mosquitoes
  A water moccasin (D:7)
  6 orc warriors
  2 sky beasts
  4 ogres
  2 phantoms
  5 centaurs
  3 kobold brigands
  An elf zombie (Ossuary)
  4 bullfrogs
  2 gnoll sergeants
  3 scorpions (D:7)
  4 wights
  9 killer bees
  2 electric eels
  2 howler monkeys
  4 centaur zombies (Ossuary)
  2 jellies
  8 orc priests
  A sleepcap (D:7)
  A gnoll bouda (D:7)
  3 hounds
  2 iguanas
  17 orc wizards
  An ogre zombie (Ossuary)
  7 mummies (Ossuary)
  18 gnolls
  8 adders
  A white imp (D:5)
  3 adder zombies (Ossuary)
  2 worms (D:3)
  2 dart slugs
  26 orcs
  7 ball pythons
  4 endoplasms
  2 giant cockroaches
  A gnoll zombie (Ossuary)
  4 goblins
  5 hobgoblins
  7 jackals
  A quokka (D:4)
  5 bats
  A frilled lizard (D:3)
  6 goblin zombies (Ossuary)
  A hobgoblin zombie (Ossuary)
  20 kobolds
  6 kobold zombies (Ossuary)
  An orc zombie (Ossuary)
  2 quokka zombies (Ossuary)
  4 rats
  4 rat zombies (Ossuary)
290 creatures vanquished.

Vanquished Creatures (collateral kills)
  A skeletal warrior (D:12)
  3 slime creatures (D:12)
  2 vampire mosquitoes (D:12)
6 creatures vanquished.

Vanquished Creatures (others)
  A fungus (D:10)
  41 plants (D:9)
42 creatures vanquished.

Grand Total: 338 creatures vanquished

Notes
Turn   | Place    | Note
-------+----------+-------------------------------------------
     0 | D:1      | Rocko1345 the Minotaur Monk began the quest for the Orb.
     0 | D:1      | Reached XP level 1. HP: 19/19 MP: 0/0
   114 | D:1      | Reached XP level 2. HP: 23/27 MP: 1/1
   248 | D:1      | Found Sitsocu's Weapon Emporium.
   728 | D:2      | Found Gaegruh's Weapon Boutique.
   809 | D:2      | Found a glowing silver altar of Zin.
   981 | D:2      | Reached XP level 3. HP: 27/33 MP: 2/2
  1184 | D:3      | Reached skill level 1 in Armour
  1282 | D:3      | Reached skill level 1 in Maces & Flails
  1293 | D:3      | Found a glowing golden altar of the Shining One.
  1368 | D:3      | Became a worshipper of the Shining One
  1368 | D:3      | Reached * piety under the Shining One
  1368 | D:3      | Reached ** piety under the Shining One
  1583 | D:3      | Reached skill level 2 in Armour
  1583 | D:3      | Reached XP level 4. HP: 40/41 MP: 3/3
  1709 | D:4      | Reached XP level 5. HP: 47/47 MP: 4/4
  1979 | D:4      | Noticed a phantom
  1990 | D:4      | Killed a phantom
  1991 | D:4      | Reached skill level 3 in Armour
  1991 | D:4      | Reached XP level 6. HP: 55/55 MP: 5/5
  2025 | D:4      | Found a shadowy altar of Dithmenos.
  2103 | D:4      | Reached skill level 5 in Fighting
  2157 | D:4      | Reached skill level 4 in Armour
  2425 | D:4      | Found a sparkling altar of Nemelex Xobeh.
  2519 | D:4      | Found a bloodstained altar of Trog.
  2737 | D:4      | Reached skill level 10 in Armour
  2737 | D:4      | Reached skill level 5 in Invocations
  2737 | D:4      | Reached XP level 7. HP: 69/69 MP: 5/9
  2777 | D:5      | Entered Level 5 of the Dungeon
  2789 | D:5      | Reached XP level 8. HP: 75/75 MP: 10/10
  2860 | D:5      | Reached skill level 5 in Dodging
  3157 | D:5      | Found a staircase to the Ecumenical Temple.
  3312 | D:5      | Found a basalt altar of Yredelemnul.
  3420 | D:6      | Noticed Menkaure
  3427 | D:6      | Killed Menkaure
  3713 | D:6      | Reached XP level 9. HP: 77/82 MP: 11/11
  4422 | D:7      | Found a sand-covered staircase.
  4436 | Ossuary  | Entered an ossuary
  4527 | Ossuary  | Reached *** piety under the Shining One
  4674 | Ossuary  | Reached **** piety under the Shining One
  4859 | Ossuary  | Reached ***** piety under the Shining One
  4875 | Ossuary  | Reached skill level 5 in Stealth
  4929 | Ossuary  | Identified a scroll of acquirement
  4930 | Ossuary  | Acquired the +1 kite shield of Failure {Str+5}
  5453 | D:8      | Reached skill level 1 in Shields
  5454 | D:8      | Noticed a manticore
  5464 | D:8      | Killed a manticore
  5704 | D:8      | Noticed Maurice
  5719 | D:8      | Killed Maurice
  5720 | D:8      | Reached XP level 10. HP: 88/91 MP: 13/13
  5938 | D:8      | Found a stormy altar of Qazlal.
  6220 | D:8      | Found an iron altar of Okawaru.
  6220 | D:8      | Found a white marble altar of Elyvilon.
  6517 | D:9      | Found a hide-covered altar of Uskayaw.
  6671 | D:9      | Found a staircase to the Orcish Mines.
  7129 | D:9      | Reached skill level 11 in Armour
  7267 | D:9      | Found a staircase to the Lair.
  7510 | D:9      | Found an ornate altar of the Wu Jian Council.
  7679 | D:10     | Entered Level 10 of the Dungeon
  7855 | D:10     | Found Memaepui's Antique Armour Boutique.
  8143 | D:10     | Noticed a cyclops
  8153 | D:10     | Killed a cyclops
  8154 | D:10     | Reached XP level 11. HP: 99/99 MP: 13/15
  8187 | D:10     | Noticed a white ugly thing
  8196 | D:10     | Killed a white ugly thing
  8332 | D:10     | Reached skill level 10 in Fighting
  8334 | D:10     | Reached skill level 5 in Shields
  9057 | D:10     | Identified the +1 helmet "Tywikk" {rPois rN++ rCorr}
  9124 | D:11     | Found a portal to a secret trove of treasure.
  9198 | D:11     | Noticed a two-headed ogre
  9202 | D:11     | Killed a two-headed ogre
  9463 | D:11     | Reached skill level 12 in Armour
 10016 | D:12     | Noticed a skeletal warrior
 10016 | D:12     | Noticed a skeletal warrior
 10017 | D:12     | Noticed a skeletal warrior
 10053 | D:11     | Killed a skeletal warrior
 10350 | D:12     | Reached skill level 10 in Maces & Flails
 10366 | D:12     | Noticed a two-headed ogre
 10374 | D:12     | Killed a two-headed ogre
 10674 | D:12     | Reached XP level 12. HP: 97/110 MP: 17/17
 10718 | D:12     | Found Usaskud's Distillery.
 11714 | D:12     | You fall into a shaft and drop 2 floors!
 11734 | D:14     | Noticed Frances
 11747 | D:14     | Slain by Frances

Illustrated notes

Levels and vault maps discovered:
D:1:      minmay_arrival_four_loops, layout_basic, serial_shops, shop
D:2:      layout_rooms, basic_altar, serial_shops,
          nicolae_shop_bloodbath_and_beyond, minmay_misc_feat_five, st_stairs_11
D:3:      layout_basic, mainiacjoe_overflow_alcove_1, minmay_between
D:4:      layout_loops_corners, nemelex_dance_club_becter,
          lightli_temple_of_fire, mainiacjoe_overflow_brackets
D:5:      nicolae_cairo_tiling_large_dashed, layout_rooms,
          mainiacjoe_overflow_paths, serial_park_tiny_pond
D:6:      layout_basic, lemuel_flamethrower_2, uniq_menkaure
D:7:      layout_loops_cross, lightli_ossuary_entry_decrepit_ruins
D:8:      layout_loops_ring, nicolae_qazlal_general_emergency,
          gammafunk_temple_overflow_wave, uniq_maurice
D:9:      layout_basic, nicolae_wu_jian_immortal_techniques,
          nicolae_uskayaw_dance_hall, david_lair_shrubbed,
          minmay_orc_entry_temple_small, minivault_4, nicolae_fountain_basement
D:10:     minmay_distorted_concentric_squares, layout_rooms, serial_shops,
          nicolae_diamond_shop, fungi_pond_lemuel, corner_web_ring,
          nicolae_lava_and_water
D:11:     layout_basic, nicolae_trove_entry_free_sample
D:12:     layout_small_grid, serial_shops, shop
D:14:     layout_layer_cave, hangedman_vaults_entry_quadrant_bands,
          minmay_misc_feat_doors, uniq_frances, uniq_snorg

Skill      XL: |  1  2  3  4  5  6  7  8  9 10 11 12 |
---------------+-------------------------------------+-----
Fighting       | 4 8 9 11 | 11.3
Armour         | 2 3 10 11 12 | 12.7
Polearms       | 4 |  4.0
Maces & Flails | 1 2 7 8 10 | 10.5
Stealth        | 2 3 4 5 |  5.0
Dodging        | 4 6 |  6.8
Invocations    | 5 6 8 |  8.4
Shields        | 2 4 6 7 |  7.4

Action                     |  1- 3 |  4- 6 |  7- 9 | 10-12 || total
---------------------------+-------+-------+-------+-------++-------
  Melee: Spear             |    13 |       |       |       ||    13
         Headbutt          |    16 |     8 |    73 |   116 ||   213
         Mace              |    72 |    36 |   276 |   382 ||   766
         Punch             |       |       |     2 |       ||     2
  Throw: Javelin           |       |     2 |       |     3 ||     5
         Dart              |       |       |     4 |    45 ||    49
         Throwing net      |       |       |     1 |       ||     1
 Invoke: Divine Shield     |       |       |     1 |     3 ||     4
         Cleansing Flame   |       |       |       |     4 ||     4
         Summon Divine War |       |       |       |     1 ||     1
    Use: Scroll            |     5 |     4 |    10 |     6 ||    25
         Potion            |       |     1 |     1 |     7 ||     9
 Armour: Robe              |     3 |       |       |       ||     3
         Chain mail        |    46 |       |       |       ||    46
         Plate armour      |    10 |    20 |   213 |   282 ||   525
  Dodge: Dodged            |    40 |    13 |   102 |   215 ||   370
         Repelled          |       |       |       |     1 ||     1
  Block: Other             |       |       |    11 |       ||    11
         Kite shield       |       |       |    18 |   296 ||   314

Table legend: (Time is in decaauts)
 A = Elapsed time spent in this place.
 B = Non-inter-level travel time spent in this place.
 C = Inter-level travel time spent in this place.
 D = Time resting spent in this place.
 E = Time spent auto-exploring this place.
 F = Levels seen in this place.
 G = Mean time per level.
                   A        B        C        D        E       F      G
               +--------+--------+--------+--------+--------+-----+--------+
         Total |  11866 |  11039 |    827 |   2151 |   5744 |  14 |  847.6 |
       Dungeon |  11289 |  10462 |    827 |   2151 |   5550 |  13 |  868.4 |
       Ossuary |    576 |    576 |      0 |      0 |    194 |   1 |  576.0 |
               +--------+--------+--------+--------+--------+-----+--------+

Top non-repeatable levels by time:
     D:9: 1371 daAuts
    D:11: 1360 daAuts
    D:10: 1318 daAuts
     D:4: 1148 daAuts
     D:8: 1148 daAuts
     D:6: 933 daAuts
    D:12: 817 daAuts
     D:1: 707 daAuts
     D:7: 668 daAuts
     D:5: 649 daAuts
     D:2: 601 daAuts
 Ossuary: 576 daAuts
     D:3: 531 daAuts
    D:14: 33 daAuts
